Map: [ESL] Hecate

Players

Coffee - Winner!

  • Race: Terran Terran
  • Spawn Location: 1:00

Has

  • Race: Protoss Protoss
  • Spawn Location: 7:00

Event: ESL SC2 Masters 2023 Winter (Regional)

VOD

Have the link to the VOD?

Description

Time

  • Played on: Nov. 5, 2023, 6:11 a.m.
  • Length: 10:40

All games in this series

Show
View Real Time Build Order
Export as new Build Order

Coffee Terran - Winner!

Build Orders: Gas First Reaper Expand, Banshee Rush 

Get SALT Encoding   

  12  0:00  SCV  
  13  0:12  SCV  
  14  0:17  Supply Depot  
  14  0:24  SCV  
  14  0:27  Refinery  
  15  0:38  SCV  
  16  0:43  Barracks  
  16  0:50  SCV  
  17  1:03  SCV  
  18  1:15  SCV  
  19  1:30  Orbital Command, Reaper  
  20  1:45  Command Center  
  20  1:52  Factory  
  20  1:56  SCV  
  21  2:03  Supply Depot  
  21  2:05  Barracks Reactor  
  21  2:08  SCV  
  21  2:12  Refinery  
  22  2:21  SCV  
  23  2:29  Bunker  
  23  2:33  SCV  
  24  2:40  Hellion, Starport  
  24  2:43  Marine  
  24  2:44  Marine  
  28  2:47  SCV  
  29  2:58  Orbital Command  
  29  3:01  Factory Tech Lab  
  29  3:04  Marine x2  
  31  3:10  SCV  
  32  3:14  Orbital Command  
  32  3:22  Marine  
  32  3:26  Factory Tech Lab  
  32  3:29  Banshee  
  32  3:31  Cloaking Field  
  32  3:32  Bunker  
  35  3:34  SCV  
  35  3:40  SCV  
  37  3:43  Supply Depot  
  37  3:46  Marine x2  
  39  3:54  Siege Tank  
  42  3:56  SCV  
  42  3:57  SCV  
  44  4:06  Supply Depot  
  44  4:07  Marine x2  
  44  4:09  SCV x2  
  48  4:12  Banshee  
  51  4:25  Marine x2  
  51  4:27  SCV  
  51  4:28  SCV  
  55  4:31  Barracks  
  55  4:33  Supply Depot  
  55  4:37  Siege Tank  
  58  4:40  SCV x2  
  60  4:46  Marine x2  
  62  4:55  Banshee  
  62  4:58  Bunker  
  63  5:01  SCV x2  
  63  5:04  Marine  
  66  5:13  SCV x2  
  68  5:23  Supply Depot  
  68  5:25  SCV  
  68  5:27  SCV  
  70  5:36  Stimpack  
  70  5:39  Supply Depot  
  70  5:44  Marine x3  
  70  5:45  Siege Tank, SCV  
  77  5:53  Refinery  
  77  5:54  Supply Depot, SCV  
  78  6:03  Marine x3  
  81  6:14  SCV x2  
  81  6:17  Siege Tank  
  80  6:20  Barracks  
  80  6:25  Marine x3  
  83  6:28  Barracks, Engineering Bay  
  83  6:29  Barracks  
  83  6:32  Starport Reactor  
  83  6:34  SCV x2  
  85  6:43  Supply Depot x2  
  85  6:45  Marine x3  
  85  6:46  SCV x2  
  90  6:50  Supply Depot, Refinery  
  90  6:57  Terran Infantry Weapons Level 1  
  90  6:59  Factory Reactor  
  90  7:02  Command Center  
  90  7:09  Medivac  
  90  7:10  SCV x2, Medivac  
  90  7:13  Supply Depot  
  90  7:15  Supply Depot  
  96  7:18  Combat Shield, Marauder x2  
  96  7:19  Concussive Shells, Marine x2  
  101  7:26  Barracks Reactor, Barracks Tech Lab  
  101  7:28  Missile Turret, SCV x2  
  103  7:40  Supply Depot  
  103  7:43  Marine x2  
  109  7:44  Marauder x2  
  109  8:02  Medivac x2  
  109  8:04  Command Center  
  109  8:05  Marauder x2  
  117  8:06  Marine x2  
  117  8:07  Marine x2  
  117  8:08  Widow Mine x2  
  126  8:13  SCV, Marauder  
  126  8:14  SCV  
  126  8:17  Supply Depot  
  126  8:18  Supply Depot  
  125  8:26  Marauder  
  127  8:29  Marine, Supply Depot  
  127  8:30  Supply Depot, Marine x3  
  127  8:31  Missile Turret  
  131  8:34  Armory  
  131  8:40  Marauder x2  
  135  8:46  SCV  
  135  8:47  SCV  
  141  8:48  Widow Mine x2  
  141  8:51  Marine x4  
  141  8:55  Medivac  
  147  9:01  SCV x2  
  149  9:10  Marauder x3  
  144  9:22  Marine x3  
  147  9:25  Viking x2  
  148  9:37  Marine x2, SCV x2  
  148  9:38  Marauder  
  150  9:49  Orbital Command  
  146  9:55  Marauder  
  146  9:58  Viking x2  
  147  10:01  SCV x2  
  145  10:13  SCV x2  
  147  10:19  Marauder x2  
Show
View Real Time Build Order
Export as new Build Order

Has Protoss 

Build Orders: 1 Gate Expand, Blink Stalkers 

Get SALT Encoding   

  12  0:00  Probe  
  13  0:12  Probe  
  14  0:17  Pylon  
  14  0:24  Probe (Chrono Boost)  
  16  0:36  Gateway  
  16  0:37  Probe (Chrono Boost)  
  16  0:42  Probe (Chrono Boost)  
  16  0:45  Assimilator  
  17  0:51  Probe  
  17  0:54  Assimilator  
  18  1:03  Probe  
  19  1:17  Probe  
  20  1:23  Cybernetics Core  
  20  1:38  Nexus  
  20  1:41  Probe  
  21  1:50  Pylon  
  22  1:57  Stalker (Chrono Boost)  
  22  2:00  Warp Gate  
  23  2:08  Probe  
  24  2:16  Twilight Council  
  24  2:20  Probe  
  25  2:27  Stalker  
  27  2:32  Probe  
  28  2:42  Shield Battery  
  28  2:44  Probe  
  28  2:50  Blink (Chrono Boost)  
  30  2:56  Probe  
  30  3:01  Probe  
  31  3:08  Probe  
  32  3:13  Probe  
  33  3:21  Probe  
  34  3:28  Gateway  
  34  3:29  Gateway  
  34  3:32  Probe  
  35  3:37  Probe  
  36  3:44  Probe  
  36  3:47  Robotics Facility  
  37  3:48  Stalker  
  37  3:49  Probe  
  40  3:56  Probe  
  40  4:00  Pylon  
  40  4:01  Probe  
  42  4:08  Probe  
  43  4:11  Stalker  
  43  4:13  Probe  
  45  4:20  Probe  
  45  4:21  Pylon  
  46  4:25  Probe, Pylon  
  46  4:27  Stalker x2  
  51  4:32  Probe  
  51  4:34  Observer (Chrono Boost), Assimilator  
  51  4:37  Probe  
  54  4:39  Charge (Chrono Boost)  
  54  4:42  Stalker  
  54  4:44  Pylon  
  54  4:45  Probe  
  57  4:49  Probe  
  57  4:52  Stalker x2  
  62  4:57  Probe  
  63  5:01  Probe  
  63  5:12  Stalker  
  61  5:15  Stalker x2  
  64  5:23  Probe x2  
  64  5:26  Observer (Chrono Boost)  
  67  5:35  Probe x2  
  69  5:38  Stalker x2  
  73  5:43  Nexus  
  73  5:47  Probe  
  73  5:48  Probe  
  74  5:54  Pylon  
  71  5:59  Probe  
  71  6:00  Probe  
  71  6:02  Shield Battery  
  67  6:11  Probe  
  67  6:12  Probe  
  67  6:14  Sentry, Zealot x2  
  74  6:23  Probe  
  74  6:24  Probe  
  74  6:25  Gateway  
  76  6:27  Gateway  
  76  6:28  Forge  
  76  6:31  Gateway  
  76  6:38  Probe (Chrono Boost)  
  76  6:39  Probe (Chrono Boost)  
  78  6:41  Zealot x2  
  78  6:45  Pylon  
  82  6:50  Probe x2 (Chrono Boost)  
  82  6:54  Protoss Ground Weapons Level 1  
  85  7:01  Probe  
  85  7:07  Zealot x3  
  91  7:11  Robotics Bay  
  91  7:13  Probe  
  92  7:17  Shield Battery  
  92  7:24  Probe x2  
  92  7:25  Probe  
  95  7:36  Probe x2  
  97  7:38  Observer (Chrono Boost)  
  97  7:40  Probe  
  97  7:44  Gateway  
  99  7:47  Gateway  
  99  7:50  Zealot x5, Pylon  
  108  7:55  Probe  
  109  8:05  Colossus (Chrono Boost)  
  115  8:13  Stalker  
  115  8:16  Probe  
  115  8:17  Pylon, Probe x2  
  117  8:26  Pylon  
  117  8:31  Pylon  
  117  8:35  Extended Thermal Lance, Pylon  
  117  8:37  Probe x3  
  120  8:45  Pylon  
  120  8:46  Colossus (Chrono Boost)  
  120  8:48  Pylon  
  120  8:49  Pylon  
  120  8:50  Pylon  
  126  8:57  Pylon  
  126  9:02  Zealot x2  
  128  9:03  Zealot x5  
  128  9:04  Templar Archives  
  136  9:27  Photon Cannon  
  127  9:34  Zealot x7  
  127  9:37  Probe  
  127  9:38  Probe  
  140  9:54  Zealot x7  
  114  10:11  High Templar  
  114  10:14  High Templar x3  
  114  10:15  Zealot x4  
  114  10:18  Archon  
  114  10:19  Archon  
Tags
 
Add a new tag
Caveats
  • Supply blocks, unpowered buildings, or Contaminate may cause inaccurate times.
  • Supply counts are checked every 10 seconds.